 Dungeon Crawl Stone Soup version 0.31-a0-174-g85c54bcb58 (webtiles) character file.

Game seed: 7673462800459740322

1321 MacCMillion the Chiller (level 8, 0/58 HPs)
             Began as a Gnoll Ice Elementalist on June 15, 2023.
             Was a Believer of Cheibriados.
             Splashed by a jelly's acid (9 damage)
             ... on level 6 of the Dungeon.
             The game lasted 00:07:16 (6573 turns).

MacCMillion the Chiller (Gnoll Ice Elementalist)    Turns: 6573, Time: 00:07:17

Health: 0/58       AC:  4    Str: 13    XL:     8   Next: 59%
Magic:  17/17      EV: 15    Int: 20    God:    Cheibriados [**....]
Gold:   316        SH:  0    Dex: 16    Spells: 12/19 levels left

rFire   . . .        d - +0 dagger
rCold   + . .        (no shield)
rNeg    . . .        a - +0 robe
rPois   .            (no helmet)
rElec   .            v - +1 cloak
rCorr   .            (no gloves)
SInv    .            (no boots)
Will    .....        (no amulet)
Stlth   +++          x - ring of protection from cold
HPRegen 0.29/turn    (no ring)
MPRegen 0.15/turn

%: no passive effects
@: ice-armoured, corroded, very slow
A: fangs 1, strong nose, distributed training
a: Renounce Religion, Bend Time


You were on level 6 of the Dungeon.
You worshipped Cheibriados.
Cheibriados was pleased with you.
You visited 1 branch of the dungeon, and saw 6 of its levels.

You collected 316 gold pieces.

Inventory:

Hand Weapons
 d - a +0 dagger (weapon)
Missiles
 m - 6 curare-tipped darts
 z - a throwing net
Armour
 a - a +0 robe (worn)
 t - a scarf of shadows
 v - a +1 cloak (worn)
Jewellery
 x - a ring of protection from cold (left hand)
Wands
 y - a wand of iceblast (9)
Scrolls
 c - a scroll of fear {unknown}
 e - a scroll of silence {unknown}
 f - 6 scrolls of identify {unknown}
 g - a scroll of teleportation {unknown}
 i - 3 scrolls of noise {unknown}
 n - 3 scrolls of immolation {unknown}
 q - 2 scrolls of vulnerability {unknown}
 u - a scroll of brand weapon {unknown}
Potions
 b - a potion of magic
 h - 2 potions of berserk rage {unknown}
 j - a potion of enlightenment {unknown}
 k - 3 potions of mutation {unknown}
 l - a potion of attraction {unknown}
 o - 3 potions of curing {unknown}
 p - 3 potions of might {unknown}
 r - a potion of invisibility
 s - a potion of cancellation {unknown}
 w - a potion of brilliance {unknown}


   Skills:
 + Level 3.5 Fighting
 + Level 3.5 Short Blades
 + Level 3.5 Long Blades
 + Level 3.5 Axes
 + Level 3.5 Maces & Flails
 + Level 3.5 Polearms
 + Level 3.5 Staves
 + Level 3.5 Ranged Weapons
 + Level 3.5 Throwing
 + Level 3.5 Armour
 + Level 5.8 Dodging
 + Level 5.5 Stealth
 + Level 3.5 Shields
 + Level 3.5 Unarmed Combat
 + Level 6.2 Spellcasting
 + Level 2.9 Conjurations
 + Level 2.9 Hexes
 + Level 2.9 Summonings
 + Level 2.9 Necromancy
 + Level 2.9 Translocations
 + Level 2.9 Transmutations
 + Level 2.9 Fire Magic
 + Level 7.7 Ice Magic
 + Level 2.9 Air Magic
 + Level 2.9 Earth Magic
 + Level 2.9 Poison Magic
 + Level 3.9 Invocations
 + Level 3.5 Evocations


You had 12 spell levels left.
You knew the following spells:

 Your Spells              Type           Power      Damage    Failure   Level
a - Freeze                Ice            100%       1d10      1%          1
b - Frozen Ramparts       Ice            74%        1d12      1%          3
c - Ozocubu's Armour      Ice            37%        N/A       1%          3

Your spell library contained the following spells:

 Spells                   Type           Power      Damage    Failure   Level
 Ensorcelled Hibernation  Hex/Ice        54%        N/A       1%          2
 Summon Small Mammal      Summ           68%        N/A       3%          1
 Passwall                 Tmut/Erth      14%        N/A       4%          2
 Sublimation of Blood     Necr           17%        N/A       4%          2
 Wereblood                Tmut           17%        N/A       4%          2
 Call Canine Familiar     Summ           17%        N/A       10%         3
 Dazzling Flash           Conj/Hex       34%        N/A       10%         3
 Inner Flame              Hex/Fire       17%        N/A       10%         3
 Summon Guardian Golem    Hex/Summ       17%        N/A       10%         3
 Swiftness                Air            17%        N/A       10%         3
 Volatile Blastmotes      Fire/Tloc      34%        2d12      10%         3
 Summon Ice Beast         Ice/Summ       27%        N/A       12%         4
 Flame Wave               Conj/Fire      17%        2d7       30%         4
 Iskenderun's Mystic Bla  Conj/Tloc      17%        2d5       30%         4
 Passage of Golubria      Tloc           17%        N/A       30%         4
 Sticky Flame             Conj/Fire      17%        2d4       30%         4
 Silence                  Hex/Air        8%         N/A       65%         5
 Starburst                Conj/Fire      8%         6d4       99%         6
 Summon Hydra             Summ           8%         N/A       100%        7
 Lehudib's Crystal Spear  Conj/Erth      8%         10d4      100%        8


Dungeon Overview and Level Annotations

Branches:
Dungeon (6/15)             Temple (0/1) D:6

Altars:
Cheibriados
Gozag
Okawaru
Qazlal
Trog

Annotations:
D:4 3 runed translucent doors, exclusion: Sigmund, blade888's ghost, amateur DsIE


Innate Abilities, Weirdness & Mutations

You have very sharp teeth.
Your uncanny sense of smell can sniff out nearby items.
Your experience applies equally to all skills.


Message History

The jelly is heavily wounded.
The jelly hits you but does no damage. The phantom closely misses you.
You completely miss the jelly.
The jelly is heavily wounded.
The phantom hits you. The jelly hits you but does no damage.
You hit the jelly.
Your hands burn!
The jelly is heavily wounded.
You hit the jelly. The acid corrodes you!
Your hands burn!
The jelly is severely wounded.
The jelly hits you but does no damage.
The phantom hits you but does no damage.
You hit the jelly but do no damage.
Your hands burn!
The jelly is severely wounded.
The jelly completely misses you. The phantom completely misses you.
You hit the jelly.
Your hands burn!
You bite the jelly, but do no damage.
The jelly is severely wounded.
The jelly hits you.
You are splashed with acid!
The phantom barely misses you.
You hit the jelly but do no damage.
Your hands burn!
The jelly is severely wounded.
The phantom hits you but does no damage.
The jelly closely misses you.
You hit the jelly.
Your hands burn!
You punch the jelly.
The jelly is almost dead.
You hit the jelly but do no damage. The acid corrodes you!
Your hands burn!
The jelly is almost dead.
The jelly closely misses you. The phantom hits you.
* * * LOW HITPOINT WARNING * * *
You hit the jelly but do no damage.
Your hands burn!
* * * LOW HITPOINT WARNING * * *
You bite the jelly, but do no damage.
The jelly is almost dead.
The jelly closely misses you.
The phantom hits you but does no damage.
You hit the jelly but do no damage.
Your hands burn!
* * * LOW HITPOINT WARNING * * *
The jelly is almost dead.
The jelly hits you.
* * * LOW HITPOINT WARNING * * *
You are splashed with acid!
You die...

............#####...#
....................# ..
.........>.....##...#...
................#..!#.#
###...................#
#.....รท.##...........##
###....##................
##....#................
###..#.##...@J........
#.........W........
..................
......#...#.......
....###.###.... .... ..#
.... ... ..# ... .. #..
..


You could see a phantom and a jelly.

Vanquished Creatures
  Sigmund (D:4)
  2 ice beasts (D:6)
  An ogre (D:5)
  A centaur (D:5)
  Blork the orc (D:4)
  A bullfrog (D:6)
  A jelly (D:5)
  3 hounds
  A gnoll bouda (D:6)
  2 orc priests (D:5)
  6 iguanas
  Jessica (D:2)
  Natasha (thrice) (D:2)
  5 gnolls (D:6)
  7 adders
  2 shadow imps (D:5)
  3 ufetubi
  2 worms
  A dart slug (D:2)
  9 orcs
  3 bats (D:1)
  7 endoplasms
  3 giant cockroaches
  6 goblins
  6 hobgoblins
  2 jackals (D:1)
  6 kobolds
  5 quokkas
  4 ball pythons
  A frilled lizard (D:3)
  8 rats
104 creatures vanquished.

Notes
Turn   | Place    | Note
-------+----------+-------------------------------------------
     0 | D:1      | MacCMillion the Gnoll Ice Elementalist began the quest for
                  | the Orb.
     0 | D:1      | Reached XP level 1. HP: 13/13 MP: 6/6
    52 | D:1      | Noticed a golden eye
    53 | D:1      | Found a faded altar of an unknown god.
   115 | D:1      | Noticed a great orb of eyes
   117 | D:1      | Noticed a golden eye
   120 | D:1      | Noticed a golden eye
   195 | D:1      | Reached XP level 2. HP: 19/19 MP: 5/7
   714 | D:1      | Reached skill level 5 in Spellcasting
   714 | D:1      | Reached XP level 3. HP: 25/25 MP: 7/9
   718 | D:1      | Learned a level 3 spell: Frozen Ramparts
   722 | D:1      | Learned a level 3 spell: Ozocubu's Armour
  1007 | D:2      | Noticed Jessica
  1010 | D:2      | Killed Jessica
  1011 | D:2      | Reached skill level 1 in Fighting
  1011 | D:2      | Reached skill level 1 in Short Blades
  1011 | D:2      | Reached skill level 1 in Long Blades
  1011 | D:2      | Reached skill level 1 in Axes
  1011 | D:2      | Reached skill level 1 in Maces & Flails
  1011 | D:2      | Reached skill level 1 in Polearms
  1011 | D:2      | Reached skill level 1 in Staves
  1011 | D:2      | Reached skill level 1 in Ranged Weapons
  1011 | D:2      | Reached skill level 1 in Throwing
  1011 | D:2      | Reached skill level 1 in Armour
  1011 | D:2      | Reached skill level 1 in Shields
  1011 | D:2      | Reached skill level 1 in Unarmed Combat
  1011 | D:2      | Reached skill level 1 in Invocations
  1011 | D:2      | Reached skill level 1 in Evocations
  1190 | D:2      | Reached XP level 4. HP: 32/32 MP: 11/11
  1235 | D:2      | Noticed Natasha
  1242 | D:2      | Killed Natasha
  1243 | D:2      | Reached skill level 1 in Conjurations
  1243 | D:2      | Reached skill level 1 in Hexes
  1243 | D:2      | Reached skill level 1 in Summonings
  1243 | D:2      | Reached skill level 1 in Necromancy
  1243 | D:2      | Reached skill level 1 in Translocations
  1243 | D:2      | Reached skill level 1 in Transmutations
  1243 | D:2      | Reached skill level 1 in Fire Magic
  1243 | D:2      | Reached skill level 1 in Air Magic
  1243 | D:2      | Reached skill level 1 in Earth Magic
  1243 | D:2      | Reached skill level 1 in Poison Magic
  1346 | D:2      | Noticed Natasha
  1351 | D:2      | Killed Natasha
  1352 | D:2      | Reached XP level 5. HP: 37/37 MP: 7/12
  1432 | D:2      | Noticed Natasha
  1441 | D:2      | Killed Natasha
  2761 | D:3      | Found a stormy altar of Qazlal.
  3202 | D:4      | Noticed Blork the orc
  3231 | D:4      | Found a runed translucent gate.
  3231 | D:4      | Found a runed translucent gate.
  3231 | D:4      | Found an opulent altar of Gozag.
  3231 | D:4      | Found a runed translucent gate.
  3299 | D:4      | Killed Blork the orc
  3300 | D:4      | Reached XP level 6. HP: 37/44 MP: 4/14
  3479 | D:4      | Reached skill level 5 in Dodging
  3821 | D:4      | Noticed Sigmund
  3905 | D:4      | Killed Sigmund
  3906 | D:4      | Reached XP level 7. HP: 49/51 MP: 1/15
  4032 | D:4      | Found a snail-covered altar of Cheibriados.
  4046 | D:4      | Became a worshipper of Cheibriados the Contemplative
  4193 | D:4      | Noticed blade888's ghost (amateur DsIE)
  4491 | D:5      | Entered Level 5 of the Dungeon
  4609 | D:5      | Reached skill level 5 in Stealth
  5235 | D:5      | Reached * piety under Cheibriados
  5561 | D:5      | Reached XP level 8. HP: 57/58 MP: 12/16
  5723 | D:5      | Found a bloodstained altar of Trog.
  5723 | D:5      | Found an iron altar of Okawaru.
  6390 | D:6      | Reached ** piety under Cheibriados
  6525 | D:6      | Found a staircase to the Ecumenical Temple.
  6573 | D:6      | Splashed by a jelly's acid

Illustrated notes

Levels and vault maps discovered:
D:1:      mrwooster_arrival_statue_3, layout_loops_corners,
          hellmonk_ecumenical_altar_watching_god, nicolae_the_louvre
D:2:      layout_basic, uniq_natasha, uniq_jessica
D:3:      layout_basic, nicolae_overflow_hidden_temple, serial_bayou_pond_a,
          hangedman_decor_clover_reticule, roderic_filled_cross
D:4:      nicolae_cairo_tiling_large, layout_rooms,
          mainiacjoe_overflow_small_starburst, ebering_ghost_gozag,
          uniq_sigmund, uniq_blork_the_orc
D:5:      layout_loops_ring, grunt_temple_overflow_bloody_war,
          grunt_decor_clamped
D:6:      layout_cave_pools, lemuel_crystal_altar, temple_doors_cd,
          uniq_prince_ribbit1, uniq_duvessa

Skill      XL: |  1  2  3  4  5  6  7  8 |
---------------+-------------------------+-----
Spellcasting   | 5 6 |  6.2
Fighting       | 1 2 3 |  3.5
Short Blades   | 1 2 3 |  3.5
Long Blades    | 1 2 3 |  3.5
Axes           | 1 2 3 |  3.5
Maces & Flails | 1 2 3 |  3.5
Polearms       | 1 2 3 |  3.5
Staves         | 1 2 3 |  3.5
Ranged Weapons | 1 2 3 |  3.5
Throwing       | 1 2 3 |  3.5
Armour         | 1 2 3 |  3.5
Shields        | 1 2 3 |  3.5
Unarmed Combat | 1 2 3 |  3.5
Invocations    | 1 2 3 |  3.9
Evocations     | 1 2 3 |  3.5
Conjurations   | 1 2 |  2.9
Hexes          | 1 2 |  2.9
Summonings     | 1 2 |  2.9
Necromancy     | 1 2 |  2.9
Translocations | 1 2 |  2.9
Transmutations | 1 2 |  2.9
Fire Magic     | 1 2 |  2.9
Air Magic      | 1 2 |  2.9
Earth Magic    | 1 2 |  2.9
Poison Magic   | 1 2 |  2.9
Dodging        | 5 |  5.8
Stealth        | 5 |  5.5
Ice Magic      | |  7.7

Action                     |  1- 3 |  4- 6 |  7- 9 || total
---------------------------+-------+-------+-------++-------
  Melee: Unarmed           |     3 |       |       ||     3
         Dagger            |    22 |    50 |   213 ||   285
         Bite              |       |     6 |    31 ||    37
         Punch             |       |     1 |     7 ||     8
   Cast: Freeze            |    24 |    16 |    13 ||    53
         Frozen Ramparts   |     2 |    13 |    14 ||    29
         Ozocubu's Armour  |       |     6 |    11 ||    17
   Stab: Sleeping          |     9 |     8 |     7 ||    24
 Armour: Robe              |     6 |    10 |    64 ||    80
  Dodge: Dodged            |    23 |    35 |   150 ||   208

Table legend: (Time is in decaauts)
 A = Elapsed time spent in this place.
 B = Non-inter-level travel time spent in this place.
 C = Inter-level travel time spent in this place.
 D = Time resting spent in this place.
 E = Time spent auto-exploring this place.
 F = Levels seen in this place.
 G = Mean time per level.
                   A        B        C        D        E       F      G
               +--------+--------+--------+--------+--------+-----+--------+
         Total |   7035 |   6659 |    376 |    652 |   5097 |   6 | 1172.5 |
       Dungeon |   7035 |   6659 |    376 |    652 |   5097 |   6 | 1172.5 |
               +--------+--------+--------+--------+--------+-----+--------+

Top non-repeatable levels by time:
     D:5: 1755 daAuts
     D:4: 1420 daAuts
     D:3: 1239 daAuts
     D:2: 1096 daAuts
     D:1: 991 daAuts
     D:6: 531 daAuts
